Rangers vs Predators

Created - February-05-15 at 17:32

Goals
1 2 3 T
Rangers 0 1 0 1
Predators 1 1 0 2
Shots
1 2 3 T
Rangers 6 10 6 22
Predators 3 8 8 19

1st period

1. Predators , Max Pacioretty 29 (Nicklas Backstrom, Jordie Benn) at 4:02

Penalties :
Nicklas Backstrom (NSH) for Hooking (Minor) at 0:03, Jordie Benn (NSH) for Boarding (Minor) at 1:54, Zach Bogosian (NSH) for Roughing (Minor) at 12:20

2nd period

2. Rangers , Steve Downie 1 (Chris Tanev) at 5:08
3. Predators , Valtteri Filppula 18 (Jaden Schwartz, T.J. Oshie) at 7:09 (PP)

Penalties :
Jordie Benn (NSH) for Tripping (Minor) at 2:47, Anton Volchenkov (NYR) for Roughing (Minor) at 6:41, Zbynek Michalek (NSH) for Tripping (Minor) at 17:22, Tomas Tatar (NYR) for Slashing (Minor) at 17:22

3rd period

No Goal

Penalties :
Anton Volchenkov (NYR) for Interference (Minor) at 1:19, Bryan Allen (NYR) for Roughing (Minor) at 9:42, Alex Goligoski (NYR) for Roughing (Minor) at 17:04

Goalie Stats

Brian Elliott (NYR), 17 saves from 19 shots - (0.895), L, 17-10-4, 59:22 minutes
Anton Khudobin (NSH), 21 saves from 22 shots - (0.955), W, 26-10-3, 60:00 minutes

Players Stats for Rangers

Player Name              G  A  P  +/- PIM S  H  SB GA TA FO     MP     PP MP  PK MP  
------------------------------------------------------------------------------------
Alex Goligoski           0  0  0   0  2   3  1  2  0  0  0/0    24:49   4:18   1:09 
Andrew Ference           0  0  0   0  0   0  0  0  0  0  0/0     0:40   0:00   0:40 
Anton Volchenkov         0  0  0   0  4   0  1  1  0  0  0/0    15:47   0:00   2:12 
Benoit Pouliot           0  0  0   0  0   1  0  0  0  0  0/0     6:33   0:00   0:59 
Bryan Allen              0  0  0   0  2   0  2  0  0  0  0/0    10:48   0:00   0:00 
Chris Tanev              0  1  1   0  0   0  0  0  0  0  0/0    19:04   0:00   3:29 
Craig Smith              0  0  0   0  0   0  3  0  0  0  0/1    18:27   3:55   0:00 
David Legwand            0  0  0   0  0   0  1  0  0  0  3/12   14:07   0:00   0:58 
Derek Morris             0  0  0   0  0   0  0  2  0  0  0/0     8:03   4:18   0:00 
Jaromir Jagr             0  0  0   0  0   4  0  0  0  0  2/6    22:55   3:53   0:00 
Joffrey Lupul            0  0  0   0  0   1  2  0  0  0  0/0    24:18   3:55   1:42 
Karl Alzner              0  0  0   0  0   2  1  1  0  0  0/0    19:00   3:30   3:00 
Kris Russell             0  0  0   0  0   1  0  0  0  0  0/0    21:45   3:30   2:20 
Mikael Backlund          0  0  0   0  0   1  0  0  0  0  10/21  21:32   3:53   4:03 
Sean Couturier           0  0  0   0  0   1  1  0  0  0  12/25  22:39   3:55   3:53 
Steve Downie             1  0  1   0  0   1  1  0  0  0  0/0    11:11   0:00   0:00 
Tomas Tatar              0  0  0   0  2   1  0  0  0  0  0/0    11:10   0:00   0:00 
Tyler Ennis              0  0  0   0  0   6  2  0  0  0  0/0    18:43   3:53   1:15 

Players Stats for Predators

Player Name              G  A  P  +/- PIM S  H  SB GA TA FO     MP     PP MP  PK MP  
------------------------------------------------------------------------------------
Anton Stralman           0  0  0   1  0   2  0  0  0  0  0/0    15:32   3:29   0:00 
Artem Anisimov           0  0  0   0  0   2  0  0  0  0  0/2    17:48   3:29   2:37 
Brandon Prust            0  0  0   0  0   0  1  0  0  0  1/2     9:36   0:00   2:37 
Casey Cizikas            0  0  0   0  0   0  1  0  0  0  11/20  16:33   0:05   5:11 
Cody Franson             0  0  0  -1  0   0  3  0  0  0  0/0    21:12   0:00   3:10 
Derick Brassard          0  0  0   0  0   2  2  0  0  0  0/0    11:17   0:00   0:00 
Jaden Schwartz           0  1  1   0  0   0  1  0  0  0  0/0    16:59   2:21   0:00 
Jordie Benn              0  1  1   1  4   0  2  1  0  0  0/0    13:41   0:05   1:55 
Justin Abdelkader        0  0  0   0  0   0  0  0  0  0  0/1     7:38   0:39   0:00 
Max Pacioretty           1  0  1   0  0   1  3  0  0  0  1/1    18:26   3:25   0:00 
Nicklas Backstrom        0  1  1   0  2   4  0  0  0  0  7/14   18:16   3:25   0:00 
Patrik Berglund          0  0  0   0  0   0  0  0  0  0  3/5     6:59   0:00   0:00 
Roman Josi               0  0  0  -1  0   1  0  3  0  0  0/0    24:12   2:56   3:00 
Steven Stamkos           0  0  0   0  0   3  3  0  0  0  12/15  16:04   3:25   0:00 
T.J. Oshie               0  1  1   0  0   1  1  0  0  0  1/1    19:45   3:00   5:03 
Valtteri Filppula        1  0  1   0  0   3  0  0  0  0  2/4    14:12   2:55   0:00 
Zach Bogosian            0  0  0   0  2   0  1  0  0  0  0/0    21:45   2:51   2:52 
Zbynek Michalek          0  0  0   0  2   0  0  2  0  0  0/0    20:05   0:00   4:38 

3 Stars

1 - Anton Khudobin (NSH)
2 - Max Pacioretty (NSH)
3 - Steve Downie (NYR)

Power Play

Rangers - 0 on 4 Attempt(s) - 0.00%
Predators - 1 on 4 Attempt(s) - 25.00%

Penalty Kill

Rangers - 3 on 4 Attempt(s) - 75.00% - Score 0 goal in Penalty Kill
Predators - 4 on 4 Attempt(s) - 100.00% - Score 0 goal in Penalty Kill

Team Stat

Rangers - Hits : 15 - Faceoff Wins : 27 - Blocked Shots : 6 - Penalty Minutes : 10
Predators - Hits : 18 - Faceoff Wins : 38 - Blocked Shots : 6 - Penalty Minutes : 10

Official

Referees : Don VanMassenhoven and Stephen Walkom
Linesman : Mark Shewchyk and Brad Kovachik

Game Notes

No Game Note

Finance

Level 1 -- Attendance: 4624 (71.14%) -- Ticket Income $554,880
Level 2 -- Attendance: 4082 (81.64%) -- Ticket Income $334,724
Level 3 -- Attendance: 2414 (68.97%) -- Ticket Income $144,840
Level 4 -- Attendance: 1113 (100.00%) -- Ticket Income $46,746
Luxury Box -- Attendance: 989 (98.90%) -- Ticket Income $182,965
Game was played at the Bridgestone Arena'
Total Attendance: 13222 (77.26%)
Total Ticket Income: $1,264,155
Other Income: $189,623
Total Income: $1,453,778

% Time on Ice - Rangers

Lines # - Real PCT - Wanted PCT - Time Play
Normal Forward
1 - 29% - 40% - 12:32
2 - 32% - 30% - 13:35
3 - 26% - 20% - 11:11
4 - 13% - 10% - 5:34
Normal Defense
1 - 34% - 40% - 14:41
2 - 32% - 30% - 13:37
3 - 25% - 20% - 10:49
4 - 9% - 10% - 3:45
PP Forward
1 - 50% - 60% - 3:53
2 - 50% - 40% - 3:55
PP Defense
1 - 55% - 60% - 4:18
2 - 45% - 40% - 3:30
PK Forward
1 - 81% - 60% - 5:10
2 - 19% - 40% - 1:15
PK Defense
1 - 53% - 60% - 3:25
2 - 47% - 40% - 3:00
PK3 Forward
1 - 0% - 60%
2 - 0% - 40%
PK3 Defense
1 - 0% - 60%
2 - 0% - 40%
44 Forward
1 - 99% - 60% - 1:58
2 - 1% - 40% - 0:01
44 Defense
1 - 33% - 60% - 0:39
2 - 67% - 40% - 1:20
Last Minute Offensive  - 0:56
Last Minute Defensive  - 0:00
Total
Forward - 60:00
Defense - 60:00

% Time on Ice - Predators

Lines # - Real PCT - Wanted PCT - Time Play
Normal Forward
1 - 31% - 34% - 13:29
2 - 26% - 31% - 11:07
3 - 26% - 27% - 11:17
4 - 16% - 8% - 6:59
Normal Defense
1 - 34% - 33% - 14:38
2 - 36% - 32% - 15:28
3 - 25% - 25% - 10:54
4 - 4% - 10% - 1:52
PP Forward
1 - 53% - 64% - 3:25
2 - 47% - 36% - 3:00
PP Defense
1 - 46% - 60% - 2:56
2 - 54% - 40% - 3:29
PK Forward
1 - 66% - 60% - 5:03
2 - 34% - 40% - 2:37
PK Defense
1 - 60% - 60% - 4:34
2 - 40% - 40% - 3:06
PK3 Forward
1 - 100% - 60% - 0:08
2 - 0% - 40% - 0:00
PK3 Defense
1 - 50% - 60% - 0:04
2 - 50% - 40% - 0:04
44 Forward
1 - 100% - 60% - 1:59
2 - 0% - 40% - 0:00
44 Defense
1 - 100% - 60% - 1:59
2 - 0% - 40% - 0:00
Last Minute Offensive  - 0:00
Last Minute Defensive  - 0:56
Total
Forward - 60:00
Defense - 60:00

Play by Play

1st period


0:01 of 1st period - Sean Couturier wins face-off versus Nicklas Backstrom in neutral zone.
0:03 of 1st period - Minor Penalty to Nicklas Backstrom for Hooking.
0:04 of 1st period - Mikael Backlund wins face-off versus Casey Cizikas in Predators zone.
0:04 of 1st period - Jaromir Jagr is hit by Jordie Benn and loses puck.
0:28 of 1st period - Shot by Mikael Backlund.
0:28 of 1st period - Shot Blocked by Jordie Benn.
1:12 of 1st period - Shot by Kris Russell.
1:12 of 1st period - Shot Misses the Net.
1:35 of 1st period - Shot by Karl Alzner.
1:35 of 1st period - Stopped by Anton Khudobin without a rebound.
1:36 of 1st period - T.J. Oshie wins face-off versus Mikael Backlund in Predators zone.
1:54 of 1st period - Minor Penalty to Jordie Benn for Boarding.
1:55 of 1st period - Casey Cizikas wins face-off versus Sean Couturier in Predators zone.
2:04 of 1st period - Shot by Kris Russell.
2:04 of 1st period - Shot Misses the Net.
2:18 of 1st period - Shot by Joffrey Lupul.
2:18 of 1st period - Stopped by Anton Khudobin with a rebound.
2:28 of 1st period - Shot by Kris Russell.
2:28 of 1st period - Stopped by Anton Khudobin without a rebound.
2:29 of 1st period - Mikael Backlund wins face-off versus Artem Anisimov in Predators zone.
2:32 of 1st period - Shot by Jaromir Jagr.
2:32 of 1st period - Shot Misses the Net.
2:48 of 1st period - Artem Anisimov is hit by Tyler Ennis and loses puck.
2:53 of 1st period - Shot by Jaromir Jagr.
2:53 of 1st period - Shot Misses the Net.
4:02 of 1st period - Shot by Max Pacioretty.
4:02 of 1st period - Goal by Max Pacioretty - Rangers : 0 - Predators : 1.
4:03 of 1st period - David Legwand wins face-off versus Nicklas Backstrom in neutral zone.
5:32 of 1st period - Shot by Artem Anisimov.
5:32 of 1st period - Shot Misses the Net.
6:05 of 1st period - Icing by Zbynek Michalek.
6:06 of 1st period - Casey Cizikas wins face-off versus Mikael Backlund in Predators zone.
6:11 of 1st period - Craig Smith is hit by Derick Brassard and loses puck.
7:33 of 1st period - Steve Downie is hit by Max Pacioretty and loses puck.
8:01 of 1st period - Icing by Cody Franson.
8:02 of 1st period - Steven Stamkos wins face-off versus Sean Couturier in Predators zone.
8:02 of 1st period - Steven Stamkos is hit by Joffrey Lupul.
8:23 of 1st period - Icing by Alex Goligoski.
8:24 of 1st period - Sean Couturier wins face-off versus Patrik Berglund in Rangers zone.
8:39 of 1st period - Shot by Jaromir Jagr.
8:39 of 1st period - Shot Blocked by Zbynek Michalek.
8:43 of 1st period - Shot by Sean Couturier.
8:43 of 1st period - Shot Misses the Net.
8:49 of 1st period - Shot by Jaromir Jagr.
8:49 of 1st period - Shot Misses the Net.
9:25 of 1st period - Roman Josi is hit by Craig Smith.
10:09 of 1st period - Off-side.
10:10 of 1st period - Nicklas Backstrom wins face-off versus Jaromir Jagr in neutral zone.
10:23 of 1st period - Shot by Max Pacioretty.
10:23 of 1st period - Shot Blocked by Alex Goligoski.
11:34 of 1st period - Shot by Derick Brassard.
11:34 of 1st period - Stopped by Brian Elliott without a rebound.
11:35 of 1st period - Steven Stamkos wins face-off versus David Legwand in Rangers zone.
11:44 of 1st period - Shot by Steven Stamkos.
11:44 of 1st period - Deflect By T.J. Oshie.
11:44 of 1st period - Stopped by Brian Elliott without a rebound.
11:45 of 1st period - Mikael Backlund wins face-off versus Steven Stamkos in Rangers zone.
12:03 of 1st period - Icing by Chris Tanev.
12:04 of 1st period - Casey Cizikas wins face-off versus Mikael Backlund in Rangers zone.
12:19 of 1st period - Chris Tanev is hit by Zach Bogosian and loses puck.
12:20 of 1st period - Minor Penalty to Zach Bogosian for Roughing.
12:21 of 1st period - Casey Cizikas wins face-off versus Sean Couturier in Predators zone.
13:01 of 1st period - Shot by Joffrey Lupul.
13:01 of 1st period - Shot Misses the Net.
13:22 of 1st period - Icing by Sean Couturier.
13:23 of 1st period - Sean Couturier wins face-off versus Casey Cizikas in Rangers zone.
13:44 of 1st period - Shot by Jaromir Jagr.
13:44 of 1st period - Deflect By Tyler Ennis.
13:44 of 1st period - Stopped by Anton Khudobin without a rebound.
13:45 of 1st period - Mikael Backlund wins face-off versus Brandon Prust in Predators zone.
13:46 of 1st period - Shot by Jaromir Jagr.
13:46 of 1st period - Stopped by Anton Khudobin with a rebound.
14:03 of 1st period - Icing by Jaromir Jagr.
14:04 of 1st period - Mikael Backlund wins face-off versus Casey Cizikas in Rangers zone.
14:25 of 1st period - Shot by Nicklas Backstrom.
14:25 of 1st period - Shot Misses the Net.
14:27 of 1st period - Shot by Jaden Schwartz.
14:27 of 1st period - Shot Blocked by Anton Volchenkov.
14:51 of 1st period - Nicklas Backstrom is hit by Steve Downie and loses puck.
15:29 of 1st period - Icing by Patrik Berglund.
15:30 of 1st period - Patrik Berglund wins face-off versus Jaromir Jagr in Predators zone.
16:40 of 1st period - Shot by Tyler Ennis.
16:40 of 1st period - Stopped by Anton Khudobin without a rebound.
16:41 of 1st period - Mikael Backlund wins face-off versus Casey Cizikas in Predators zone.
17:03 of 1st period - Mikael Backlund is hit by Cody Franson and loses puck.
17:14 of 1st period - Shot by Mikael Backlund.
17:14 of 1st period - Shot Misses the Net.
17:16 of 1st period - Shot by Bryan Allen.
17:16 of 1st period - Shot Misses the Net.
17:25 of 1st period - Cody Franson is hit by Anton Volchenkov and loses puck.
18:37 of 1st period - Shot by Sean Couturier.
18:37 of 1st period - Shot Misses the Net.
18:39 of 1st period - Shot by Sean Couturier.
18:39 of 1st period - Shot Misses the Net.
18:48 of 1st period - Icing by Zbynek Michalek.
18:49 of 1st period - Nicklas Backstrom wins face-off versus Mikael Backlund in Predators zone.
19:31 of 1st period - Mikael Backlund is hit by Steven Stamkos and loses puck.
19:58 of 1st period - Bryan Allen is hit by Brandon Prust and loses puck.
Goals for this period are 0 for Rangers vs 1 for Predators.
Shots for this period are 6 for Rangers vs 3 for Predators.

2nd period


0:01 of 2nd period - Sean Couturier wins face-off versus Casey Cizikas in neutral zone.
0:12 of 2nd period - Icing by Kris Russell.
0:13 of 2nd period - Sean Couturier wins face-off versus Nicklas Backstrom in Rangers zone.
1:10 of 2nd period - Shot by Tyler Ennis.
1:10 of 2nd period - Stopped by Anton Khudobin with a rebound.
1:18 of 2nd period - Shot by Mikael Backlund.
1:18 of 2nd period - Shot Misses the Net.
1:35 of 2nd period - Icing by Chris Tanev.
1:36 of 2nd period - Steven Stamkos wins face-off versus Mikael Backlund in Rangers zone.
1:37 of 2nd period - Shot by T.J. Oshie.
1:37 of 2nd period - Shot Hit the Post.
1:51 of 2nd period - Shot by Steven Stamkos.
1:51 of 2nd period - Shot Misses the Net.
1:54 of 2nd period - Icing by Chris Tanev.
1:55 of 2nd period - Casey Cizikas wins face-off versus Mikael Backlund in Rangers zone.
2:01 of 2nd period - Icing by Chris Tanev.
2:02 of 2nd period - Steven Stamkos wins face-off versus Mikael Backlund in Rangers zone.
2:05 of 2nd period - Shot by Steven Stamkos.
2:05 of 2nd period - Stopped by Brian Elliott without a rebound.
2:06 of 2nd period - Sean Couturier wins face-off versus Casey Cizikas in Rangers zone.
2:11 of 2nd period - Shot by Valtteri Filppula.
2:11 of 2nd period - Stopped by Brian Elliott without a rebound.
2:12 of 2nd period - Sean Couturier wins face-off versus Artem Anisimov in Rangers zone.
2:20 of 2nd period - Kris Russell is hit by T.J. Oshie and loses puck.
2:32 of 2nd period - Icing by Alex Goligoski.
2:33 of 2nd period - Casey Cizikas wins face-off versus Sean Couturier in Rangers zone.
2:47 of 2nd period - Minor Penalty to Jordie Benn for Tripping.
2:48 of 2nd period - Mikael Backlund wins face-off versus Casey Cizikas in Predators zone.
2:51 of 2nd period - Shot by Jaromir Jagr.
2:51 of 2nd period - Stopped by Anton Khudobin without a rebound.
2:52 of 2nd period - Casey Cizikas wins face-off versus Mikael Backlund in Predators zone.
2:52 of 2nd period - T.J. Oshie is hit by Tyler Ennis.
4:24 of 2nd period - Shot by Kris Russell.
4:24 of 2nd period - Shot Misses the Net.
4:34 of 2nd period - Shot by T.J. Oshie.
4:34 of 2nd period - Shot Blocked by Derek Morris.
4:47 of 2nd period - Shot by Jaromir Jagr.
4:47 of 2nd period - Stopped by Anton Khudobin without a rebound.
4:48 of 2nd period - Nicklas Backstrom wins face-off versus David Legwand in Predators zone.
4:55 of 2nd period - Chris Tanev is hit by Max Pacioretty and loses puck.
5:08 of 2nd period - Shot by Steve Downie.
5:08 of 2nd period - Goal by Steve Downie - Rangers : 1 - Predators : 1.
5:09 of 2nd period - Brandon Prust wins face-off versus Jaromir Jagr in neutral zone.
5:53 of 2nd period - Icing by Jordie Benn.
5:54 of 2nd period - Mikael Backlund wins face-off versus Patrik Berglund in Predators zone.
6:11 of 2nd period - Shot by Alex Goligoski.
6:11 of 2nd period - Stopped by Anton Khudobin without a rebound.
6:12 of 2nd period - Steven Stamkos wins face-off versus David Legwand in Predators zone.
6:41 of 2nd period - Minor Penalty to Anton Volchenkov for Roughing.
6:42 of 2nd period - Nicklas Backstrom wins face-off versus Sean Couturier in Rangers zone.
6:59 of 2nd period - Shot by Roman Josi.
6:59 of 2nd period - Shot Misses the Net.
7:01 of 2nd period - Shot by Roman Josi.
7:01 of 2nd period - Stopped by Brian Elliott with a rebound.
7:03 of 2nd period - Shot by Max Pacioretty.
7:03 of 2nd period - Shot Misses the Net.
7:05 of 2nd period - Shot by Nicklas Backstrom.
7:05 of 2nd period - Stopped by Brian Elliott without a rebound.
7:06 of 2nd period - Valtteri Filppula wins face-off versus Sean Couturier in Rangers zone.
7:09 of 2nd period - Shot by Jaden Schwartz.
7:09 of 2nd period - Deflect By Valtteri Filppula.
7:09 of 2nd period - Goal by Valtteri Filppula - Rangers : 1 - Predators : 2.
7:10 of 2nd period - Jaromir Jagr wins face-off versus Casey Cizikas in neutral zone.
7:37 of 2nd period - Shot by Benoit Pouliot.
7:37 of 2nd period - Stopped by Anton Khudobin without a rebound.
7:38 of 2nd period - Steven Stamkos wins face-off versus Mikael Backlund in Predators zone.
8:11 of 2nd period - Shot by Artem Anisimov.
8:11 of 2nd period - Shot Misses the Net.
8:49 of 2nd period - Shot by Sean Couturier.
8:49 of 2nd period - Stopped by Anton Khudobin without a rebound.
8:50 of 2nd period - Casey Cizikas wins face-off versus Sean Couturier in Predators zone.
9:14 of 2nd period - Shot by Derick Brassard.
9:14 of 2nd period - Shot Misses the Net.
9:22 of 2nd period - Shot by Anton Stralman.
9:22 of 2nd period - Stopped by Brian Elliott with a rebound.
9:24 of 2nd period - Shot by Anton Stralman.
9:24 of 2nd period - Stopped by Brian Elliott without a rebound.
9:25 of 2nd period - David Legwand wins face-off versus Nicklas Backstrom in Rangers zone.
9:25 of 2nd period - David Legwand is hit by Max Pacioretty.
9:36 of 2nd period - Bryan Allen is hit by Jaden Schwartz and loses puck.
10:42 of 2nd period - Shot by Jaromir Jagr.
10:42 of 2nd period - Shot Blocked by Roman Josi.
10:44 of 2nd period - Shot by Joffrey Lupul.
10:44 of 2nd period - Shot Hit the Post.
11:12 of 2nd period - Shot by Joffrey Lupul.
11:12 of 2nd period - Shot Misses the Net.
11:14 of 2nd period - Shot by Sean Couturier.
11:14 of 2nd period - Shot Misses the Net.
11:28 of 2nd period - Shot by Tyler Ennis.
11:28 of 2nd period - Shot Misses the Net.
11:30 of 2nd period - Shot by Mikael Backlund.
11:30 of 2nd period - Stopped by Anton Khudobin with a rebound.
11:40 of 2nd period - Shot by Tyler Ennis.
11:40 of 2nd period - Stopped by Anton Khudobin without a rebound.
11:41 of 2nd period - Casey Cizikas wins face-off versus Mikael Backlund in Predators zone.
11:45 of 2nd period - Valtteri Filppula is hit by Craig Smith and loses puck.
12:24 of 2nd period - Chris Tanev is hit by Derick Brassard and loses puck.
12:37 of 2nd period - Shot by Tomas Tatar.
12:37 of 2nd period - Stopped by Anton Khudobin without a rebound.
12:38 of 2nd period - Nicklas Backstrom wins face-off versus Sean Couturier in Predators zone.
13:52 of 2nd period - Patrik Berglund is hit by Bryan Allen and loses puck.
13:56 of 2nd period - Justin Abdelkader is hit by Karl Alzner and loses puck.
14:44 of 2nd period - Shot by Kris Russell.
14:44 of 2nd period - Shot Misses the Net.
14:52 of 2nd period - Shot by Mikael Backlund.
14:52 of 2nd period - Shot Misses the Net.
15:42 of 2nd period - Shot by Tomas Tatar.
15:42 of 2nd period - Shot Misses the Net.
15:44 of 2nd period - Shot by David Legwand.
15:44 of 2nd period - Shot Misses the Net.
15:59 of 2nd period - Icing by Zbynek Michalek.
16:00 of 2nd period - Mikael Backlund wins face-off versus Casey Cizikas in Predators zone.
17:06 of 2nd period - Shot by Jaromir Jagr.
17:06 of 2nd period - Shot Blocked by Zbynek Michalek.
17:21 of 2nd period - Icing by Valtteri Filppula.
17:22 of 2nd period - Casey Cizikas wins face-off versus David Legwand in Predators zone.
17:22 of 2nd period - Minor Penalty to Zbynek Michalek for Tripping.
17:22 of 2nd period - Minor Penalty to Tomas Tatar for Slashing.
17:23 of 2nd period - Steven Stamkos wins face-off versus David Legwand in Predators zone.
18:00 of 2nd period - Shot by Steven Stamkos.
18:00 of 2nd period - Stopped by Brian Elliott without a rebound.
18:01 of 2nd period - Steven Stamkos wins face-off versus David Legwand in Rangers zone.
18:14 of 2nd period - Max Pacioretty is hit by David Legwand and loses puck.
19:32 of 2nd period - Icing by Alex Goligoski.
19:33 of 2nd period - Patrik Berglund wins face-off versus Jaromir Jagr in Rangers zone.
19:46 of 2nd period - Shot by Roman Josi.
19:46 of 2nd period - Shot Misses the Net.
19:56 of 2nd period - Roman Josi is hit by Joffrey Lupul and loses puck.
Goals for this period are 1 for Rangers vs 1 for Predators.
Shots for this period are 10 for Rangers vs 8 for Predators.

3rd period


0:01 of 3rd period - Sean Couturier wins face-off versus Nicklas Backstrom in neutral zone.
0:06 of 3rd period - Shot by Jaromir Jagr.
0:06 of 3rd period - Shot Blocked by Roman Josi.
0:08 of 3rd period - Shot by Alex Goligoski.
0:08 of 3rd period - Stopped by Anton Khudobin with a rebound.
0:28 of 3rd period - Shot by Jaromir Jagr.
0:28 of 3rd period - Stopped by Anton Khudobin with a rebound.
0:30 of 3rd period - Shot by Alex Goligoski.
0:30 of 3rd period - Shot Blocked by Roman Josi.
1:19 of 3rd period - Minor Penalty to Anton Volchenkov for Interference.
1:20 of 3rd period - Mikael Backlund wins face-off versus Valtteri Filppula in Rangers zone.
2:39 of 3rd period - Shot by Nicklas Backstrom.
2:39 of 3rd period - Stopped by Brian Elliott without a rebound.
2:40 of 3rd period - Sean Couturier wins face-off versus Justin Abdelkader in Rangers zone.
2:50 of 3rd period - Icing by T.J. Oshie.
2:51 of 3rd period - Valtteri Filppula wins face-off versus Sean Couturier in Predators zone.
6:09 of 3rd period - Shot by Artem Anisimov.
6:09 of 3rd period - Stopped by Brian Elliott without a rebound.
6:10 of 3rd period - Sean Couturier wins face-off versus Valtteri Filppula in Rangers zone.
6:10 of 3rd period - Sean Couturier is hit by Casey Cizikas.
6:23 of 3rd period - Sean Couturier is hit by Jordie Benn and loses puck.
6:39 of 3rd period - Off-side.
6:40 of 3rd period - David Legwand wins face-off versus Steven Stamkos in neutral zone.
6:40 of 3rd period - Tomas Tatar is hit by Steven Stamkos and loses puck.
6:44 of 3rd period - Off-side.
6:45 of 3rd period - Steven Stamkos wins face-off versus David Legwand in neutral zone.
6:47 of 3rd period - Off-side.
6:48 of 3rd period - Steven Stamkos wins face-off versus Sean Couturier in neutral zone.
8:28 of 3rd period - Anton Stralman is hit by Craig Smith and loses puck.
9:41 of 3rd period - Zbynek Michalek is hit by Bryan Allen and loses puck.
9:42 of 3rd period - Minor Penalty to Bryan Allen for Roughing.
9:43 of 3rd period - Sean Couturier wins face-off versus Nicklas Backstrom in Rangers zone.
11:43 of 3rd period - Icing by Jordie Benn.
11:44 of 3rd period - Patrik Berglund wins face-off versus David Legwand in Predators zone.
12:03 of 3rd period - Steve Downie is hit by Cody Franson.
12:13 of 3rd period - Shot by Alex Goligoski.
12:13 of 3rd period - Shot Misses the Net.
12:30 of 3rd period - David Legwand is hit by Cody Franson and loses puck.
12:57 of 3rd period - Shot by Karl Alzner.
12:57 of 3rd period - Stopped by Anton Khudobin without a rebound.
12:58 of 3rd period - Jaromir Jagr wins face-off versus Steven Stamkos in Predators zone.
13:15 of 3rd period - Shot by Steven Stamkos.
13:15 of 3rd period - Stopped by Brian Elliott with a rebound.
13:17 of 3rd period - Shot by Zbynek Michalek.
13:17 of 3rd period - Shot Misses the Net.
13:37 of 3rd period - Shot by Artem Anisimov.
13:37 of 3rd period - Shot Blocked by Derek Morris.
14:09 of 3rd period - Shot by Tomas Tatar.
14:09 of 3rd period - Shot Misses the Net.
14:57 of 3rd period - Icing by Bryan Allen.
14:58 of 3rd period - Casey Cizikas wins face-off versus David Legwand in Rangers zone.
15:29 of 3rd period - Shot by Derick Brassard.
15:29 of 3rd period - Stopped by Brian Elliott with a rebound.
15:31 of 3rd period - Shot by Valtteri Filppula.
15:31 of 3rd period - Stopped by Brian Elliott without a rebound.
15:32 of 3rd period - Steven Stamkos wins face-off versus Sean Couturier in Rangers zone.
15:51 of 3rd period - Shot by Artem Anisimov.
15:51 of 3rd period - Stopped by Brian Elliott without a rebound.
15:52 of 3rd period - Nicklas Backstrom wins face-off versus Mikael Backlund in Rangers zone.
15:55 of 3rd period - Shot by Nicklas Backstrom.
15:55 of 3rd period - Stopped by Brian Elliott with a rebound.
16:03 of 3rd period - Shot by Craig Smith.
16:03 of 3rd period - Shot Misses the Net.
16:13 of 3rd period - Shot by Tyler Ennis.
16:13 of 3rd period - Stopped by Anton Khudobin with a rebound.
16:36 of 3rd period - Shot by Tyler Ennis.
16:36 of 3rd period - Stopped by Anton Khudobin without a rebound.
16:37 of 3rd period - Steven Stamkos wins face-off versus Sean Couturier in Predators zone.
16:41 of 3rd period - Jordie Benn is hit by Alex Goligoski and loses puck.
16:55 of 3rd period - Kris Russell is hit by Steven Stamkos and loses puck.
17:04 of 3rd period - Minor Penalty to Alex Goligoski for Roughing.
17:05 of 3rd period - Sean Couturier wins face-off versus Nicklas Backstrom in Rangers zone.
17:27 of 3rd period - Shot by Roman Josi.
17:27 of 3rd period - Shot Misses the Net.
17:29 of 3rd period - Shot by Roman Josi.
17:29 of 3rd period - Shot Hit the Post.
17:31 of 3rd period - Shot by Steven Stamkos.
17:31 of 3rd period - Shot Blocked by Karl Alzner.
18:54 of 3rd period - Shot by Nicklas Backstrom.
18:54 of 3rd period - Stopped by Brian Elliott without a rebound.
18:55 of 3rd period - Nicklas Backstrom wins face-off versus Sean Couturier in Rangers zone.
19:22 of 3rd period - Rangers, Brian Elliott is pulled from the net.
19:38 of 3rd period - Shot by Alex Goligoski.
19:38 of 3rd period - Stopped by Anton Khudobin without a rebound.
19:39 of 3rd period - Max Pacioretty wins face-off versus Craig Smith in Predators zone.
19:39 of 3rd period - Max Pacioretty is hit by Sean Couturier.
19:53 of 3rd period - Shot by Steven Stamkos.
19:53 of 3rd period - Shot Blocked by Alex Goligoski.
Goals for this period are 0 for Rangers vs 0 for Predators.
Shots for this period are 6 for Rangers vs 8 for Predators.


Output by the SimonT Hockey Simulator (STHS) for Stephane Roy -- Original Page W3C XHTML 1.0 Valid
Hockey Simulator - Hockey Simulation - Hockey Manager